 Dungeon Crawl Stone Soup version 0.28-a0-664-gc179e30c89 (webtiles) character file.

Game seed: 16085325152042735271

16 ytrimaz the Skirmisher (level 2, -1/25 HPs)
             Began as a Formicid Fighter on Oct 15, 2021.
             Slain by a vampire mosquito (4 damage)
             ... on level 15 of the Dungeon.
             The game lasted 00:01:31 (1127 turns).

ytrimaz the Skirmisher (Formicid Fighter)           Turns: 1127, Time: 00:01:32

Health: -1/25      AC:  9    Str: 20    XL:     2   Next: 75%
Magic:  2/2        EV:  7    Int:  7    God:
Gold:   84         SH:  4    Dex: 10    Spells: 1/1 levels left

rFire   . . .      SeeInvis +   a - +0 war axe
rCold   . . .      Faith    .   c - +0 buckler
rNeg    . . .      Spirit   .   i - +0 chain mail
rPois   .          Reflect  .   (helmet unavailable)
rElec   .          Harm     .   (no cloak)
rCorr   .          Rampage  .   (no gloves)
Will    .....                   (no boots)
Stlth   ..........              (no amulet)
HPRegen 0.08/turn               (no ring)
MPRegen 0.08/turn               (no ring)

@: no status effects
A: permanent stasis, dig shafts and tunnels, antennae 3, four strong arms
a: Dig, Shaft Self


You were on level 15 of the Dungeon.
You visited 1 branch of the dungeon, and saw 9 of its levels.

You collected 84 gold pieces.

Inventory:

Hand Weapons
 a - a +0 war axe (weapon)
Armour
 c - a +0 buckler (worn)
 i - a +0 chain mail (worn)
Scrolls
 h - a scroll of teleportation
Potions
 b - a potion of brilliance {unknown}
 d - a potion of might
 f - a potion of invisibility {unknown}
 g - a potion of curing {unknown}


   Skills:
 * Level 3.7 Fighting
 * Level 2.3 Axes
 + Level 3.5 Armour
 - Level 3.6 Shields


You had one spell level left.
You didn't know any spells.
Your spell library contained the following spells:

 Spells                   Type           Power      Damage    Failure   Level
 Shock                    Conj/Air       0%         1d3       99%         1
 Airstrike                Air            0%         N/A       100%        4
 Swiftness                Air            Unusable   N/A       N/A         3

Dungeon Overview and Level Annotations

Branches:
Dungeon (2/15)

Altars:


Innate Abilities, Weirdness & Mutations

You cannot be hasted, slowed, berserked, paralysed or teleported.
You can dig through walls and to a lower floor.
You have a pair of large antennae on your head. (SInv)
Your four strong arms can wield two-handed weapons with a shield.


Message History

Beware, you cannot shaft yourself on this level.
You hear a distant snort.
Hark!
There is a gateway to a gauntlet on this level.
Find the entrance quickly before the gate is sealed!
Unknown command.
Found 9 gold pieces.
You now have 84 gold pieces (gained 9).
You open the door.
There is an open door here.
You open the door.
There is an open door here.
b - a bubbling black potion You hear the beating of a very distant drum. 2 vampire mosquitoes come into view.
The vampire mosquito buzzes angrily. x2
A vampire mosquito comes into view.
There are monsters nearby!
The vampire mosquito buzzes angrily.
A vampire mosquito comes into view.
The vampire mosquito moves out of view.
The vampire mosquito bites you.
The vampire mosquito draws strength from your injuries!
The vampire mosquito bites you!
The vampire mosquito draws strength from your injuries!
The vampire mosquito buzzes angrily.
You hit the vampire mosquito.
The vampire mosquito is lightly damaged.
You barely miss the vampire mosquito.
You block the vampire mosquito's attack.
The vampire mosquito barely misses you. The vampire mosquito bites you.
The vampire mosquito draws strength from your injuries!
The vampire mosquito barely misses you. The vampire mosquito bites you!
* * * LOW HITPOINT WARNING * * *
The vampire mosquito draws strength from your injuries!
The vampire mosquito bites you but does no damage.
You hit the vampire mosquito.
The vampire mosquito is lightly damaged.
You closely miss the vampire mosquito. You slash the vampire mosquito!
The vampire mosquito closely misses you.
The vampire mosquito bites you.
You die...

.......+
......#
.....#
#....#
#....+
+..y.#
#.yy.#
#..@y#
#....+
#....#
#....#
#....#######
#..........#
+..........#
#..........#
#..........#


You could see 4 vampire mosquitoes.

Vanquished Creatures
  A giant cockroach (D:1)
  2 goblins (D:1)
  2 hobgoblins (D:1)
  2 kobolds (D:1)
  2 quokkas (D:1)
  A ball python (D:1)
  3 bats (D:1)
  A frilled lizard (D:1)
  A rat (D:1)
15 creatures vanquished.

Notes
Turn   | Place    | Note
-------+----------+-------------------------------------------
     0 | D:1      | ytrimaz the Formicid Fighter began the quest for the Orb.
     0 | D:1      | Reached XP level 1. HP: 18/18 MP: 1/1
   319 | D:1      | Reached XP level 2. HP: 24/24 MP: 2/2
   937 | D:1      | Found a faded altar of an unknown god.
  1054 | D:2      | You fall into a shaft and drop 2 floors!
  1054 | D:4      | You fall into a shaft and drop 3 floors!
  1057 | D:7      | You fall into a shaft and drop 2 floors!
  1057 | D:9      | Noticed a howler monkey
  1060 | D:9      | You fall into a shaft and drop 1 floor!
  1060 | D:10     | Entered Level 10 of the Dungeon
  1063 | D:10     | You fall into a shaft and drop 1 floor!
  1063 | D:11     | Noticed a yak
  1063 | D:11     | Noticed a yak
  1063 | D:11     | Noticed a yak
  1063 | D:11     | Noticed a yak
  1063 | D:11     | Noticed a yak
  1066 | D:11     | You fall into a shaft and drop 2 floors!
  1069 | D:13     | You fall into a shaft and drop 2 floors!
  1069 | D:15     | Entered Level 15 of the Dungeon
  1123 | D:15     | Noticed a vampire mosquito
  1123 | D:15     | Noticed a vampire mosquito
  1123 | D:15     | Noticed a vampire mosquito
  1124 | D:15     | Noticed a vampire mosquito
  1127 | D:15     | Slain by a vampire mosquito

Illustrated notes

Levels and vault maps discovered:
D:1:      lordsloth_arrival_two_stooges, layout_basic,
          hellmonk_ecumenical_altar_pennies_from_heaven
D:2:      layout_basic, amethyst_killhole
D:4:      layout_rooms, palyth_temple_overflow_mages, jmf_multi_god_temple,
          dk_vineyard_1, minmay_crystal_water
D:7:      layout_basic, grunt_temple_overflow_gold_and_silver, st_stairs_3,
          uniq_pikel
D:9:      layout_roguey, pf_just_have_faith
D:10:     layout_cave_pools, zombieorc1_lemuel
D:11:     layout_long_grid, lair_entry_dummy, uniq_grum
D:13:     layout_rooms, uniq_nessos
D:15:     hangedman_depths_entry_try_elsewhere_first, layout_gridville,
          gauntlet_entry_generic, abandoned_shop

Action                   || total
-------------------------++-------
Melee: War axe           ||    43
 Abil: Shaft Self        ||     6
  Use: Scroll            ||     2
Armor: Scale mail        ||    23
       Chain mail        ||     2
Dodge: Dodged            ||    24
Block: Buckler           ||    12

Table legend: (Time is in decaauts)
 A = Elapsed time spent in this place.
 B = Non-inter-level travel time spent in this place.
 C = Inter-level travel time spent in this place.
 D = Time resting spent in this place.
 E = Time spent auto-exploring this place.
 F = Levels seen in this place.
 G = Mean time per level.
                   A        B        C        D        E       F      G
               +--------+--------+--------+--------+--------+-----+--------+
         Total |   1143 |   1066 |     77 |      0 |    873 |   9 |  127.0 |
       Dungeon |   1143 |   1066 |     77 |      0 |    873 |   9 |  127.0 |
               +--------+--------+--------+--------+--------+-----+--------+

Top non-repeatable levels by time:
     D:1: 1067 daAuts
    D:15: 58 daAuts
     D:2: 3 daAuts
     D:9: 2 daAuts
    D:13: 2 daAuts
    D:11: 2 daAuts
    D:10: 2 daAuts
     D:7: 2 daAuts
